 Dungeon Crawl Stone Soup version 0.28.0-53-g5a82cb258f (webtiles) character file.

Game seed: 14020046732240955137

122 Plasmagod the Caller (level 5, -2/28 HPs)
             Began as a Tengu Summoner on July 21, 2022.
             Was a Believer of Nemelex Xobeh.
             Slain by Natasha (8 damage)
             ... on level 3 of the Dungeon.
             The game lasted 00:12:32 (3871 turns).

Plasmagod the Caller (Tengu Summoner)               Turns: 3871, Time: 00:12:33

Health: -2/28      AC:  2    Str:  8    XL:     5   Next: 6%
Magic:  0/10       EV: 15    Int: 17    God:    Nemelex Xobeh [**....]
Gold:   126        SH:  0    Dex: 15    Spells: 3/9 levels left

rFire   . . .      SeeInvis .   e - +0 short sword
rCold   . . .      Faith    .   (no shield)
rNeg    . . .      Spirit   .   a - +0 robe
rPois   .          Reflect  .   (helmet restricted)
rElec   .          Harm     .   (no cloak)
rCorr   .          Rampage  .   (no gloves)
Will    .....                   (boots unavailable)
Stlth   ++........              (no amulet)
HPRegen 0.09/turn               (no ring)
MPRegen 0.12/turn               (no ring)

@: flying quickly and evasively, slowed, very slow
A: beak, talons 3, nimble flight
a: Renounce Religion, Draw Escape, Draw Destruction, Draw Summoning


You were on level 3 of the Dungeon.
You worshipped Nemelex Xobeh.
Nemelex Xobeh was pleased with you.
You visited 1 branch of the dungeon, and saw 3 of its levels.

You collected 126 gold pieces.

Inventory:

Hand Weapons
 e - a +0 short sword (weapon)
Armour
 a - a +0 robe (worn)
Jewellery
 b - a +6 ring of intelligence
 c - a ring of poison resistance
Wands
 h - a wand of iceblast (9)
Scrolls
 d - a scroll of blinking {unknown}
 f - a scroll of identify {unknown}
 i - a scroll of summoning {unknown}
 j - a scroll of teleportation {unknown}
Potions
 g - a potion of attraction {unknown}


   Skills:
 + Level 0.1 Fighting
 + Level 0.8 Short Blades
 + Level 2.4 Dodging
 + Level 2.5 Stealth
 + Level 1.1 Unarmed Combat
 + Level 2.9 Spellcasting
 + Level 6.1 Summonings


You had 3 spell levels left.
You knew the following spells:

 Your Spells              Type           Power      Damage    Failure   Level
a - Summon Small Mammal   Summ           92%        N/A       1%          1
b - Call Imp              Summ           23%        N/A       2%          2
c - Call Canine Familiar  Summ           23%        N/A       4%          3

Your spell library contained the following spells:

 Spells                   Type           Power      Damage    Failure   Level
 Summon Guardian Golem    Hex/Summ       12%        N/A       16%         3
 Beastly Appendage        Tmut           4%         N/A       19%         1
 Summon Lightning Spire   Summ/Air       12%        N/A       45%         4


Dungeon Overview and Level Annotations

Branches:
Dungeon (3/15)

Altars:
Nemelex Xobeh

Annotations:
D:3 Natasha


Innate Abilities, Weirdness & Mutations

You have a beak for a mouth.
You have claws for feet.
Your magical nature lets you fly swiftly and evasively.


Message History

You miss something. You claw something.
The adder bites your hound but does no damage.
The endoplasm barely misses your hound.
Your hound closely misses the adder.
You hear some strange, mumbled words.
A magic dart appears from out of thin air!
The magic dart hits you! The adder barely misses your hound.
The endoplasm closely misses your hound.
You hit something but do no damage.
Your hound closely misses the adder.
You hear some strange, mumbled words.
A magic dart appears from out of thin air!
The magic dart hits you. The adder misses your hound.
Your hound bites the adder but does no damage.
The endoplasm hits your hound but does no damage.
You closely miss something. Your kick misses something.
Your hound bites the endoplasm.
The adder bites your hound. Something claws you.
* * * LOW HITPOINT WARNING * * *
The endoplasm freezes your hound.
Your hound is frozen.
Your hound dies!
Your hound's corpse disappears in a puff of smoke!
The endoplasm quivers.
You swap places.
Your bat hits the adder but does no damage.
Your bat hits something but does no damage.
Something misses your bat.
Your bat hits something but does no damage.
Your crimson imp blinks!
The adder bites your bat.
Your bat dies!
Your bat's corpse disappears in a puff of smoke!
The adder hisses angrily.
You hear an angry hiss.
You hear some strange, mumbled words.
You feel yourself slow down.
Casting: Call Imp (safe; 2% risk of failure)
Confirm with . or Enter, or press ? or * to list all spells.
Your crimson imp blinks!
Your hound barely misses something.
Something claws you!
You die...
Your body disappears without a glow.

.#.#..##.## #..............#
...#.###..####.....##########
.#.#.# #...........#
.....###...##......###
.....[.....##........#
.#.....#..###........#
.#.#...#..###........#
...#.................#
.#######...###.#@....# .#
#.........#.#{h...# .#
#.###...#.#.#J##### ..
#...#.#.#S# .#. ###..
#.#.....# .. ... .#..ยง..# ..
.... .#.....# .. ..#. #.#####
..#


You could see an adder, an endoplasm and a friendly hound (summoned).

Vanquished Creatures
  An adder (D:2)
  A bat (D:2)
  2 endoplasms
  A giant cockroach (D:1)
  2 hobgoblins (D:2)
  A jackal (D:3)
  3 quokkas
  2 ball pythons
  A frilled lizard (D:2)
  2 goblins
  A kobold (D:1)
  6 rats
23 creatures vanquished.

Vanquished Creatures (collateral kills)
  Natasha (D:3)
  2 adders
  A white imp (D:3)
  A worm (D:2)
  4 dart slugs
  A bat (D:1)
  An endoplasm (D:3)
  A giant cockroach (D:3)
  A goblin (D:1)
  6 hobgoblins
  2 jackals (D:3)
  5 kobolds
  A quokka (D:3)
  2 ball pythons (D:1)
  2 frilled lizards (D:1)
  A rat (D:1)
32 creatures vanquished.

Grand Total: 55 creatures vanquished

Notes
Turn   | Place    | Note
-------+----------+-------------------------------------------
     0 | D:1      | Plasmagod the Tengu Summoner began the quest for the Orb.
     0 | D:1      | Reached XP level 1. HP: 10/10 MP: 4/4
    40 | D:1      | Reached skill level 5 in Summonings
    76 | D:1      | Reached XP level 2. HP: 10/15 MP: 3/6
   210 | D:1      | Found a faded altar of an unknown god.
   217 | D:1      | Got Plato's Guide on Changing
   221 | D:1      | Prayed at the altar of an unknown god.
   221 | D:1      | Became a worshipper of Nemelex Xobeh the Trickster
   221 | D:1      | Reached * piety under Nemelex Xobeh
   704 | D:1      | Received a gift from Nemelex Xobeh
   756 | D:1      | Reached XP level 3. HP: 16/19 MP: 4/7
  1444 | D:2      | Learned a level 2 spell: Call Imp
  1448 | D:2      | Learned a level 3 spell: Call Canine Familiar
  1456 | D:2      | Reached skill level 1 in Unarmed Combat
  2521 | D:2      | Reached ** piety under Nemelex Xobeh
  2704 | D:2      | Reached XP level 4. HP: 24/24 MP: 8/8
  2980 | D:2      | Received a gift from Nemelex Xobeh
  3463 | D:3      | Noticed Natasha
  3481 | D:3      | Killed Natasha
  3482 | D:3      | Reached skill level 6 in Summonings
  3554 | D:3      | Gained mutation: Your magical nature lets you fly swiftly
                  | and evasively. [Tengu growth]
  3554 | D:3      | Reached XP level 5. HP: 7/28 MP: 10/10
  3814 | D:3      | Noticed Natasha
  3871 | D:3      | Slain by Natasha

Illustrated notes

Levels and vault maps discovered:
D:1:      lemuel_arrival_broad_hall, layout_basic,
          shapermc_ecumenical_altar_rom_forum, minmay_misc_feat_four_crosses
D:2:      layout_basic
D:3:      layout_basic, uniq_natasha, uniq_terence

Skill      XL: |  1  2  3  4 |
---------------+-------------+-----
Summonings     | 5 6 |  6.1
Unarmed Combat | 1 |  1.1
Fighting       | |  0.1
Short Blades   | |  0.8
Dodging        | |  2.4
Stealth        | |  2.5
Spellcasting   | |  2.9

Action                   |  1- 3 |  4- 6 || total
-------------------------+-------+-------++-------
Melee: Unarmed           |    19 |       ||    19
       Kick              |    15 |     1 ||    16
       Short sword       |    41 |    16 ||    57
       Peck              |    11 |     1 ||    12
 Cast: Summon Small Mamm |    25 |    16 ||    41
       Call Canine Famil |     5 |     7 ||    12
       Call Imp          |     3 |     4 ||     7
 Stab: Sleeping          |     2 |     1 ||     3
Armor: Robe              |     3 |     1 ||     4
Dodge: Dodged            |    42 |    11 ||    53
